AoeStats
← Iguano Pop

Arabia

506263868Analyzed
1v1 RM · 20d ago on Sep 13, 2026· 16m 41s· 2 players
Game mode
Random Map
Map size
Tiny (2 player)
Population
200
Speed
Normal
Resources
Standard
Victory
Conquest
Starting age
Dark Age
Ending age
Imperial Age
RankedLock teamsTeams togetherTeam positionsShared explorationLock speedFull tech treeHidden civsTurbo modeCheats
Victory
Defeat
🇲🇽 Persians · Mexico
1309
+18
🇺🇾 Vikings · Uruguay
1348
-18
Iguano Pop
6:48 Loom
9:10 Feudal Age
9:33 Double-Bit Axe
12:45 Town Watch
14:09 Fletching
ivOsantin
6:42 Loom
9:22 Feudal Age
9:45 Man-at-Arms
10:37 Double-Bit Axe
11:58 Town Watch
16:33 Padded Archer Armor
Connection lost

Rejoining the realm…

Still unreachable

The connection could not be restored.

Session expired

The server has moved on; the page needs a fresh start.